 Dungeon Crawl Stone Soup version 0.30-a0-373-gd37427bb62 (webtiles) character file.

Game seed: 16611312818519844622

56 Lobster4 the Shooter (level 4, -3/34 HPs)
             Began as a Human Hunter on Nov 24, 2022.
             Killed from afar by Sigmund (5 damage)
             ... with a magic dart
             ... on level 2 of the Dungeon.
             The game lasted 00:03:08 (915 turns).

Lobster4 the Shooter (Human Hunter)                  Turns: 915, Time: 00:03:09

Health: -3/34      AC:  4    Str: 11    XL:     4   Next: 15%
Magic:  4/4        EV: 12    Int:  9    God:
Gold:   69         SH:  0    Dex: 19    Spells: 3/3 levels left

rFire   . . .      SeeInvis .    a - +0 flail
rCold   . . .      Faith    .    (no shield)
rNeg    . . .      Spirit   .    c - +0 leather armour
rPois   .          Reflect  .    (no helmet)
rElec   .          Harm     .    (no cloak)
rCorr   .          Rampage  .    (no gloves)
Will    .....                    d - +0 pair of boots
Stlth   ++........               (no amulet)
HPRegen 0.25/turn                (no ring)
MPRegen 0.09/turn                (no ring)

@: attractive
A: no striking features
a: no special abilities


You were on level 2 of the Dungeon.
You visited 1 branch of the dungeon, and saw 2 of its levels.

You collected 69 gold pieces.

Inventory:

Hand Weapons
 a - a +0 flail (weapon)
 k - a +0 shortbow
Missiles
 e - 10 poisoned darts
Armour
 c - a +0 leather armour (worn)
 d - a +0 pair of boots (worn)
 l - a +0 ring mail
Scrolls
 b - a scroll of immolation
Potions
 f - a potion of attraction
 g - 2 potions of brilliance
 i - a potion of flight {unknown}


   Skills:
 + Level 2.5 Fighting
 * Level 4.6 Ranged Weapons
 + Level 1.2 Armour
 + Level 2.5 Dodging
 - Level 1.0 Stealth


You had 3 spell levels left.
You didn't know any spells.
Your spell library was empty.

Dungeon Overview and Level Annotations

Branches:
Dungeon (2/15)

Altars:

Annotations:
D:2 Sigmund


Message History

Okay, then.
a - a +0 flail (weapon)
Something hits you.
You feel very mighty all of a sudden.
The goblin shouts!
Something completely misses you.
You barely miss something. Something hits you.
You miss something.
You hear some strange, mumbled words.
You are confused.
You miss something. Something hits you but does no damage.
The goblin closely misses you.
You barely miss the goblin. The goblin hits you but does no damage.
Something barely misses you.
It was a potion of attraction.
You feel attractive to monsters. The goblin hits you but does no damage.
Something hits you but does no damage. The goblin attacks as you move away!
The goblin barely misses you. The goblin closely misses you.
Something hits you.
You barely miss something.
You feel less confused. The goblin closely misses you. Something hits you.
The goblin hits you with a +0 club.
You thump something! The goblin closely misses you. Something hits you.
* * * LOW HITPOINT WARNING * * *
You sock something! The goblin hits you with a +0 club.
* * * LOW HITPOINT WARNING * * *
You hear some strange, mumbled words.
A magic dart appears from out of thin air!
The magic dart hits you.
* * * LOW HITPOINT WARNING * * *
It was a potion of cancellation.
Your magical effects are unravelling.
You feel magically purged.
You feel a little less mighty now. The goblin hits you but does no damage.
You hear some strange, mumbled words.
A magic dart appears from out of thin air!
The magic dart hits you.
You die...

#.....###.... #..........
#....†.)##.######..........
#.....##.......##..........
#.....)###.................
#..................#..#####
#..................'...)...
#..........†.......##......
#####....{.....##'#.+......
###:.).g@....##.#.#......
....†.†...##..##.#.#.##..#
......#######....#.#.# 8.#
......# .....#.#.# ..#
......# .....+.#.# # .....
.....### ..... ####..# ....
#..


You could see a goblin.

Vanquished Creatures
  2 adders (D:2)
  A dart slug (D:2)
  2 ball pythons
  2 bats
  3 endoplasms (D:1)
  A giant cockroach (D:1)
  4 goblins
  7 hobgoblins
  2 kobolds (D:1)
  3 quokkas (D:2)
  A frilled lizard (D:1)
  2 rats (D:1)
30 creatures vanquished.

Notes
Turn   | Place    | Note
-------+----------+-------------------------------------------
     0 | D:1      | Lobster4 the Human Hunter began the quest for the Orb.
     0 | D:1      | Reached XP level 1. HP: 16/16 MP: 1/1
   193 | D:1      | Reached XP level 2. HP: 22/22 MP: 2/2
   346 | D:1      | Found a faded altar of an unknown god.
   585 | D:2      | Reached XP level 3. HP: 27/27 MP: 3/3
   674 | D:2      | Reached skill level 1 in Armour
   778 | D:2      | Noticed Sigmund
   901 | D:2      | Reached XP level 4. HP: 32/34 MP: 4/4
   915 | D:2      | Killed from afar by Sigmund

Illustrated notes

Levels and vault maps discovered:
D:1:      minmay_arrival_radiant_lines, layout_loops_ring,
          hellmonk_ecumenical_altar_zigzags
D:2:      layout_basic, basic_altar, minivault_26, chequers_decorated_corner,
          minivault_4, st_stairs_5, minmay_pentomino_s2, uniq_sigmund

Skill      XL: |  1  2  3 |
---------------+----------+-----
Armour         | 1 |  1.2
Fighting       | |  2.5
Ranged Weapons | |  4.6
Dodging        | |  2.5
Stealth        | |  1.0

Action                   |  1- 3 |  4- 6 || total
-------------------------+-------+-------++-------
Melee: Flail             |       |     7 ||     7
 Fire: Shortbow          |    94 |       ||    94
  Use: Scroll            |     5 |       ||     5
       Potion            |       |     3 ||     3
Armor: Leather armour    |    15 |     5 ||    20
Dodge: Dodged            |    45 |     7 ||    52

Table legend: (Time is in decaauts)
 A = Elapsed time spent in this place.
 B = Non-inter-level travel time spent in this place.
 C = Inter-level travel time spent in this place.
 D = Time resting spent in this place.
 E = Time spent auto-exploring this place.
 F = Levels seen in this place.
 G = Mean time per level.
                   A        B        C        D        E       F      G
               +--------+--------+--------+--------+--------+-----+--------+
         Total |    948 |    887 |     61 |     36 |    591 |   2 |  474.0 |
       Dungeon |    948 |    887 |     61 |     36 |    591 |   2 |  474.0 |
               +--------+--------+--------+--------+--------+-----+--------+

Top non-repeatable levels by time:
     D:1: 642 daAuts
     D:2: 305 daAuts
